 Dungeon Crawl Stone Soup version 0.18-a0-1788-g92de1ac (webtiles) character file.

1 ololoev the Skirmisher (level 1, -10/19 HPs)
             Began as a Hill Orc Fighter on Apr 19, 2016.
             Mangled by a kobold
             ... wielding a +0 dagger of electrocution
              (15 damage)
             ... on level 1 of the Dungeon.
             The game lasted 00:00:23 (72 turns).

ololoev the Skirmisher (Hill Orc Fighter)             Turns: 72, Time: 00:00:23

Health: -10/19     AC: 10    Str: 23    XL:     1   Next: 20%
Magic:  1/1        EV:  9    Int:  8    God:
Gold:   0          SH:  0    Dex: 10    Spells: 0 memorised, 0 levels left

rFire  . . .     SeeInvis .     a - +0 war axe
rCold  . . .     Gourm    .     b - +0 scale mail
rNeg   . . .     Faith    .     (no shield)
rPois  .         Spirit   .     (no helmet)
rElec  .         Dismiss  .     (no cloak)
rCorr  .         Reflect  .     c - +2 pair of gloves
SustAt .         Harm     .     (no boots)
MR     .....                    (no amulet)
Stlth  ..........               (no ring)
                                (no ring)

@: mighty, not resistant to hostile enchantments, extremely unstealthy
A: no striking features
a: no special abilities

Inventory:

Hand Weapons
 a - a +0 war axe (weapon)
Armour
 b - a +0 scale mail (worn)
 c - a +2 pair of gloves (worn)
Comestibles
 f - a bread ration


   Skills:
 + Level 3.6 Fighting
 * Level 2.9 Axes
 + Level 3.2 Armour
   Level 3.2 Shields


You couldn't memorise any spells.
You didn't know any spells.


You were on level 1 of the Dungeon.
You were not hungry.

You visited 1 branch of the dungeon, and saw 1 of its levels.

.######.......#
...............
.####.#.#......
#.#.#....(.
#.#.# .....
#.#.# .....
#.#.# ....
#######.#K#
....
........@.#
######.### #.#
#.# #.# #.# #.#
#.# #+#
#.#######

Notes
Turn   | Place    | Note
--------------------------------------------------------------
     0 | D:1      | ololoev the Hill Orc Fighter began the quest for the Orb.
     0 | D:1      | Reached XP level 1. HP: 19/19 MP: 1/1
    72 | D:1      | Mangled by a kobold

Dungeon Overview and Level Annotations

Branches:
Dungeon (1/15)

Altars:


Message History

Welcome, ololoev the Hill Orc Fighter.
It is said that the Orb of Zot exists deep within this dungeon, but nobody has ever found it.
Press ? for a list of commands and other information.
Found an escape hatch in the floor.
Found a staircase leading out of the dungeon.
Drop what? 5/52 slots (_ for help) (? for menu, Esc to quit)
You start removing your armour.
You continue taking off your +0 shield. x4
You finish taking off your +0 shield.
You drop a +0 shield.
You open the door.
There is an open door here.
You open the door.
There is an open door here.
Found a pair of embroidered gloves and 7 bolts.
You open the door.
A bat comes into view.
The bat hits you but does no damage.
A bat is nearby!
A bat is nearby!
You hit the bat.
You kill the bat!
You see here a pair of embroidered gloves.
c - a pair of embroidered gloves Wear which item? (? for menu, Esc to quit)
You start putting on your armour.
You continue putting on your pair of embroidered gloves. x4
You finish putting on your +2 pair of gloves.
A kobold comes into view.
It is wielding a dagger of electrocution.
A kobold is nearby!
A kobold is nearby!
A giant newt comes into view.
Found 18 sling bullets.
The kobold hits you but does no damage.
You closely miss the kobold. You barely miss the giant newt.
The kobold barely misses you.
The giant newt bites you but does no damage.
You hit the kobold.
The kobold is severely wounded.
You miss the giant newt.
The kobold hits you with a dagger of electrocution.
You are electrocuted!
Ouch! That really hurt!
The giant newt hisses menacingly.
The giant newt closely misses you. The giant newt barely misses you.
The giant newt hisses menacingly.
Drink which item? (? for menu, Esc to quit)
You feel very mighty all of a sudden.
The giant newt bites you but does no damage.
You slash the giant newt!
You kill the giant newt!
The kobold hits you but does no damage.
You are electrocuted!
Ouch! That really hurt!
You die...

You could see a kobold.

Vanquished Creatures
  A bat (D:1)
  A giant newt (D:1)
2 creatures vanquished.

Action                   || total
-------------------------++-------
Melee: War axe           ||     4
  Use: Potion            ||     1
Armor: Scale mail        ||     5
Dodge: Dodged            ||     3

Vault maps used:
D:1:      shiori_arrival_maze
